| TOP OF THE 1ST |
|
Arkansas Travelers batting - Pitching for Portland Sea Dogs : RHP Mike Schroeder
|
|
Pitching: RHP Mike Schroeder
|
|
|
Batting: LHB Justin Alexander
|
0-0: Ball 1-0: Ball 2-0: Ground out 6-3 (Groundball, 6M, EV 105.6 MPH)
|
|
Batting: RHB Mike Alm
|
0-0: Foul Ball, location: 2F 0-1: Called Strike 0-2: DOUBLE (Flyball, 78D, EV 102.5 MPH)
|
|
Batting: RHB Luis Romero
|
0-0: Ball 1-0: Called Strike 1-1: Swinging Strike 1-2: Ball 2-2: Ball 3-2: Foul Ball, location: 2F 3-2: Strikes out swinging
|
|
Batting: RHB Gary Horgan
|
0-0: Ball 1-0: Ground out 5-3 (Groundball, 56, EV 105.6 MPH)
|
| Top of the 1st over - 0 runs, 1 hit, 0 errors, 1 left on base; Arkansas 0 - Portland 0 |
| BOTTOM OF THE 1ST |
|
Portland Sea Dogs batting - Pitching for Arkansas Travelers : RHP Chris Adams
|
|
Pitching: RHP Chris Adams
|
|
|
Batting: RHB Matt Hinkle
|
0-0: Ball 1-0: Ball 2-0: Called Strike 2-1: Swinging Strike 2-2: DOUBLE (Line Drive, 8RXD, EV 105.0 MPH)
|
|
Batting: LHB Julian Toney
|
0-0: Called Strike 0-1: Foul Ball, location: 2F 0-2: Foul Ball, location: 2F 0-2: Ball 1-2: Strikes out swinging
|
|
Batting: LHB Noel Young
|
0-0: Called Strike 0-1: Ball 1-1: Ball 2-1: Fly out, F7 (Flyball, 7, EV 90.0 MPH)
|
|
Batting: RHB Jose Diaz
|
0-0: Ball 1-0: Called Strike 1-1: Called Strike 1-2: Foul Ball, location: 2F 1-2: SINGLE (Groundball, 4MS, EV 61.9 MPH) (infield hit) Matt Hinkle to third
|
|
Batting: RHB Tommy Boudreaux
|
0-0: Ball 1-0: Called Strike 1-1: Ball 2-1: Fielders Choice at 2nd, 6-4 (Groundball, 6, EV 105.0 MPH)
|
| Bottom of the 1st over - 0 runs, 2 hits, 0 errors, 2 left on base; Arkansas 0 - Portland 0 |
| TOP OF THE 2ND |
|
Arkansas Travelers batting - Pitching for Portland Sea Dogs : RHP Mike Schroeder
|
|
Batting: RHB Eric Davis
|
0-0: SINGLE (Groundball, 4MD, EV 108.8 MPH)
|
|
Batting: RHB Jon Griffin
|
0-0: SINGLE (Flyball, 56D, EV 89.4 MPH) Eric Davis to second
|
|
Batting: RHB Ryan Pelletier
|
0-0: Ball 1-0: Ball 2-0: Ball 3-0: Foul Ball, location: 2F 3-1: Base on Balls Eric Davis to third Jon Griffin to second
|
|
Batting: RHB Khalil Thurston
|
0-0: Ball 1-0: Foul Ball, location: 2F 1-1: Swinging Strike 1-2: Strikes out swinging
|
|
Batting: RHB Kinya Nishimura
|
0-0: Called Strike 0-1: Called Strike 0-2: Ball 1-2: Ball 2-2: Ball 3-2: Foul Ball, location: 2F 3-2: Strikes out looking
|
|
Batting: LHB Justin Alexander
|
0-0: SINGLE (Line Drive, 3D, EV 98.1 MPH) Eric Davis scores Jon Griffin to third Ryan Pelletier to second Runner from 3rd tries for Home, throw by RF and OUT! 9-2
|
| Top of the 2nd over - 1 run, 3 hits, 0 errors, 2 left on base; Arkansas 1 - Portland 0 |
| BOTTOM OF THE 2ND |
|
Portland Sea Dogs batting - Pitching for Arkansas Travelers : RHP Chris Adams
|
|
Batting: RHB Carlos Nolasco
|
0-0: Called Strike 0-1: Swinging Strike 0-2: Foul Ball, location: 2F 0-2: Strikes out looking
|
|
Batting: RHB John Chiesa
|
0-0: Ball 1-0: Ball 2-0: Foul Ball, location: 2F 2-1: Ball 3-1: DOUBLE (Line Drive, 89XD, EV 105.6 MPH)
|
|
Batting: RHB Adugna Chandu
|
0-0: Ball John Chiesa steals 3rd base 1-0: Foul Ball, location: 2F 1-1: Ground out 6-3 (Groundball, 6, EV 103.8 MPH) John Chiesa scores
|
|
Batting: RHB Nick Cottrell
|
0-0: Foul Ball, location: 2F 0-1: Ball 1-1: Foul Ball, location: 2F 1-2: DOUBLE (Groundball, 5L, EV 109.4 MPH)
|
|
Batting: RHB Matt Hinkle
|
0-0: Called Strike 0-1: Foul Ball, location: 2F 0-2: Foul Ball, location: 2F 0-2: Foul Ball, location: 2F 0-2: Ball 1-2: Ball 2-2: SINGLE (Line Drive, 4D, EV 94.4 MPH) Nick Cottrell to third Runner from 3rd tries for Home, SAFE, throw by CF to home Matt Hinkle to second
|
|
Batting: LHB Julian Toney
|
0-0: Ball 1-0: Foul Ball, location: 2F 1-1: Ball 2-1: Foul Ball, location: 2F 2-2: Foul Ball, location: 2F 2-2: Foul Ball, location: 2F 2-2: Ground out 4-3 (Groundball, 4S, EV 94.4 MPH)
|
| Bottom of the 2nd over - 2 runs, 3 hits, 0 errors, 1 left on base; Arkansas 1 - Portland 2 |
| TOP OF THE 3RD |
|
Arkansas Travelers batting - Pitching for Portland Sea Dogs : RHP Mike Schroeder
|
|
Batting: RHB Mike Alm
|
0-0: Foul Ball, location: 2F 0-1: Ball 1-1: Swinging Strike 1-2: Ball 2-2: Fly out, F8 (Flyball, 8RM, EV 81.2 MPH)
|
|
Batting: RHB Luis Romero
|
0-0: Ball 1-0: Swinging Strike 1-1: Ball 2-1: Called Strike 2-2: Strikes out swinging
|
|
Batting: RHB Gary Horgan
|
0-0: Ball 1-0: Ground out 6-3 (Groundball, P, EV 86.9 MPH)
|
| Top of the 3rd over - 0 runs, 0 hits, 0 errors, 0 left on base; Arkansas 1 - Portland 2 |
| BOTTOM OF THE 3RD |
|
Portland Sea Dogs batting - Pitching for Arkansas Travelers : RHP Chris Adams
|
|
Batting: LHB Noel Young
|
0-0: Ball 1-0: Fly out, F9 (Flyball, 89M, EV 82.5 MPH)
|
|
Batting: RHB Jose Diaz
|
0-0: Swinging Strike 0-1: Reached on error, E5 (Groundball, 56, EV 83.8 MPH)
|
|
Batting: RHB Tommy Boudreaux
|
0-0: Ball 1-0: SINGLE (Groundball, 5D, EV 95.0 MPH) Jose Diaz to second
|
|
Batting: RHB Carlos Nolasco
|
0-0: Ball 1-0: Swinging Strike 1-1: Called Strike 1-2: Strikes out looking
|
|
Batting: RHB John Chiesa
|
0-0: Ball 1-0: Called Strike 1-1: Fly out, F7 (Flyball, 7D, EV 106.9 MPH)
|
| Bottom of the 3rd over - 0 runs, 1 hit, 1 error, 2 left on base; Arkansas 1 - Portland 2 |
| TOP OF THE 4TH |
|
Arkansas Travelers batting - Pitching for Portland Sea Dogs : RHP Mike Schroeder
|
|
Batting: RHB Eric Davis
|
0-0: Ground out U3 (Groundball, 34, EV 107.5 MPH)
|
|
Batting: RHB Jon Griffin
|
0-0: Called Strike 0-1: Ball 1-1: Ball 2-1: Foul Ball, location: 2F 2-2: Foul Ball, location: 2F 2-2: Ball 3-2: Strikes out looking
|
|
Batting: RHB Ryan Pelletier
|
0-0: Ground out 5-3 (Groundball, 56, EV 88.1 MPH)
|
| Top of the 4th over - 0 runs, 0 hits, 0 errors, 0 left on base; Arkansas 1 - Portland 2 |
| BOTTOM OF THE 4TH |
|
Portland Sea Dogs batting - Pitching for Arkansas Travelers : RHP Chris Adams
|
|
Batting: RHB Adugna Chandu
|
0-0: Called Strike 0-1: Swinging Strike 0-2: Ball 1-2: Ball 2-2: Ball 3-2: Base on Balls
|
|
Batting: RHB Nick Cottrell
|
0-0: Ball 1-0: Ball 2-0: Ball 3-0: Base on Balls Adugna Chandu to second
|
|
Batting: RHB Matt Hinkle
|
0-0: Called Strike 0-1: Ball 1-1: Foul Ball, location: 2F 1-2: Ball 2-2: Foul Ball, location: 2F 2-2: Ball 3-2: Fly out, F8 (Flyball, 78D, EV 75.0 MPH)
|
|
Batting: LHB Julian Toney
|
0-0: Swinging Strike 0-1: Called Strike 0-2: Strikes out swinging
|
|
Batting: LHB Noel Young
|
0-0: Ball 1-0: Ball 2-0: Ball 3-0: Called Strike 3-1: Foul Ball, location: 2F 3-2: Base on Balls Adugna Chandu to third Nick Cottrell to second
|
|
Pitching: RHP Jose Alvarado
|
|
|
Batting: RHB Jose Diaz
|
0-0: Foul Ball, location: 2F 0-1: Ball 1-1: Fly out, F7 (Flyball, 7LM, EV 86.2 MPH)
|
| Bottom of the 4th over - 0 runs, 0 hits, 0 errors, 3 left on base; Arkansas 1 - Portland 2 |
| TOP OF THE 5TH |
|
Arkansas Travelers batting - Pitching for Portland Sea Dogs : RHP Mike Schroeder
|
|
Batting: RHB Khalil Thurston
|
0-0: Ball 1-0: Swinging Strike 1-1: Ball 2-1: Swinging Strike 2-2: Strikes out swinging
|
|
Batting: RHB Kinya Nishimura
|
0-0: Foul Ball, location: 2F 0-1: Foul Ball, location: 2F 0-2: Foul Ball, location: 2F 0-2: Ball 1-2: SINGLE (Groundball, P, EV 82.5 MPH) (infield hit)
|
|
Batting: LHB Justin Alexander
|
0-0: Ball 1-0: Fielders Choice at 2nd, 4-6 (Groundball, 4, EV 103.8 MPH)
|
|
Batting: RHB Mike Alm
|
0-0: Called Strike 0-1: Foul Ball, location: 2F 0-2: Fly out, F7 (Flyball, 78D, EV 88.1 MPH)
|
| Top of the 5th over - 0 runs, 1 hit, 0 errors, 1 left on base; Arkansas 1 - Portland 2 |
| BOTTOM OF THE 5TH |
|
Portland Sea Dogs batting - Pitching for Arkansas Travelers : RHP Jose Alvarado
|
|
Batting: RHB Tommy Boudreaux
|
0-0: Ball 1-0: SINGLE (Line Drive, 56D, EV 98.1 MPH)
|
|
Batting: RHB Carlos Nolasco
|
0-0: Swinging Strike 0-1: Ball 1-1: Swinging Strike 1-2: Strikes out looking
|
|
Batting: RHB John Chiesa
|
0-0: Called Strike Tommy Boudreaux steals 2nd base 0-1: Foul Ball, location: 2F 0-2: Fly out, F9 (Flyball, 9, EV 85.0 MPH)
|
|
Batting: RHB Adugna Chandu
|
0-0: Ball 1-0: Ball 2-0: Foul Ball, location: 2F 2-1: Swinging Strike 2-2: Strikes out swinging
|
| Bottom of the 5th over - 0 runs, 1 hit, 0 errors, 1 left on base; Arkansas 1 - Portland 2 |
| TOP OF THE 6TH |
|
Arkansas Travelers batting - Pitching for Portland Sea Dogs : RHP Mike Schroeder
|
|
Batting: RHB Luis Romero
|
0-0: Ball 1-0: Foul Ball, location: 2F 1-1: Swinging Strike 1-2: SINGLE (Groundball, P, EV 87.5 MPH) (infield hit)
|
|
Batting: RHB Gary Horgan
|
0-0: Called Strike 0-1: Ball 1-1: Ball 2-1: Foul Ball, location: 2F 2-2: Foul Ball, location: 2F 2-2: Ball 3-2: Strikes out looking Luis Romero steals 2nd base Batter strikes out.
|
|
Batting: RHB Eric Davis
|
0-0: Ball 1-0: Foul Ball, location: 2F 1-1: SINGLE (Groundball, 4D, EV 110.6 MPH) Luis Romero to third Runner from 3rd tries for Home, SAFE, throw by RF to home Eric Davis to second
|
|
Batting: RHB Jon Griffin
|
0-0: Called Strike 0-1: Ground out 5-3 (Groundball, 56, EV 103.1 MPH)
|
|
Batting: RHB Ryan Pelletier
|
0-0: Ball 1-0: Fly out, F9 (Line Drive, 89D, EV 101.2 MPH)
|
| Top of the 6th over - 1 run, 2 hits, 0 errors, 1 left on base; Arkansas 2 - Portland 2 |
| BOTTOM OF THE 6TH |
|
Portland Sea Dogs batting - Pitching for Arkansas Travelers : RHP Jose Alvarado
|
|
Batting: RHB Nick Cottrell
|
0-0: Called Strike 0-1: Ball 1-1: Foul Ball, location: 2F 1-2: Foul Ball, location: 2F 1-2: Strikes out looking
|
|
Batting: RHB Matt Hinkle
|
0-0: Called Strike 0-1: Ground out 3-1 (Groundball, 34, EV 77.5 MPH)
|
|
Batting: LHB Julian Toney
|
0-0: SOLO HOME RUN (Flyball, 7LD, EV 95.6 MPH), Distance : 369 ft
|
|
Batting: LHB Noel Young
|
0-0: Ball 1-0: Called Strike 1-1: Foul Ball, location: 2F 1-2: Ball 2-2: Ground out 6-3 (Groundball, 6, EV 91.2 MPH)
|
| Bottom of the 6th over - 1 run, 1 hit, 0 errors, 0 left on base; Arkansas 2 - Portland 3 |
| TOP OF THE 7TH |
|
Arkansas Travelers batting - Pitching for Portland Sea Dogs : RHP Mike Schroeder
|
|
Batting: RHB Khalil Thurston
|
0-0: Foul Ball, location: 2F 0-1: Ball 1-1: Swinging Strike 1-2: Foul Ball, location: 2F 1-2: Strikes out looking
|
|
Pitching: RHP Aaron Brannon
|
|
|
Batting: RHB Kinya Nishimura
|
0-0: Ground out 6-3 (Groundball, 6, EV 80.0 MPH)
|
|
Batting: LHB Justin Alexander
|
0-0: Ball 1-0: Swinging Strike 1-1: Fly out, F9 (Flyball, 9LM, EV 83.1 MPH)
|
| Top of the 7th over - 0 runs, 0 hits, 0 errors, 0 left on base; Arkansas 2 - Portland 3 |
| BOTTOM OF THE 7TH |
|
Portland Sea Dogs batting - Pitching for Arkansas Travelers : RHP Jose Alvarado
|
|
Batting: RHB Jose Diaz
|
0-0: Ball 1-0: Ground out 4-3 (Groundball, 4, EV 103.1 MPH)
|
|
Batting: RHB Tommy Boudreaux
|
0-0: Ball 1-0: Called Strike 1-1: Foul Ball, location: 2F 1-2: Ball 2-2: Ball 3-2: SINGLE (Line Drive, 78S, EV 100.6 MPH)
|
|
Batting: RHB Carlos Nolasco
|
0-0: Ball 1-0: Ball 2-0: Ball 3-0: Called Strike 3-1: Called Strike 3-2: Base on Balls Tommy Boudreaux to second
|
|
Batting: RHB John Chiesa
|
0-0: Called Strike 0-1: Ball Balk! Tommy Boudreaux to third Carlos Nolasco to second 1-1: Ground out 6-3 (Groundball, 6, EV 85.0 MPH)
|
|
Batting: RHB Adugna Chandu
|
0-0: Ball 1-0: Called Strike 1-1: Ball 2-1: Called Strike 2-2: Foul Ball, location: 2F 2-2: Ground out 6-3 (Groundball, 6S, EV 83.1 MPH)
|
| Bottom of the 7th over - 0 runs, 1 hit, 0 errors, 2 left on base; Arkansas 2 - Portland 3 |
| TOP OF THE 8TH |
|
Arkansas Travelers batting - Pitching for Portland Sea Dogs : RHP Aaron Brannon
|
|
Batting: RHB Mike Alm
|
0-0: Ball 1-0: Ball 2-0: Ball 3-0: Base on Balls
|
|
Batting: RHB Luis Romero
|
0-0: Called Strike 0-1: Foul Ball, location: 2F 0-2: Foul Ball, location: 2F 0-2: Ball 1-2: Ball 2-2: Ball 3-2: Fly out, F7 (Flyball, 7LD, EV 105.6 MPH)
|
|
Pinch Hitting: LHB Jorge Zermeno
|
0-0: Called Strike 0-1: Foul Ball, location: 2F 0-2: Strikes out swinging
|
|
Batting: RHB Eric Davis
|
0-0: Foul Ball, location: 2F 0-1: Swinging Strike 0-2: Ball 1-2: Strikes out swinging
|
| Top of the 8th over - 0 runs, 0 hits, 0 errors, 1 left on base; Arkansas 2 - Portland 3 |
| BOTTOM OF THE 8TH |
|
Portland Sea Dogs batting - Pitching for Arkansas Travelers : RHP Jose Alvarado
|
|
Pitching: RHP Trece Hunter
|
|
|
Now at 1B: Tomas Raya
|
|
|
Pinch Hitting: LHB John Buff
|
0-0: Ball 1-0: Foul Ball, location: 2F 1-1: Ball 2-1: Foul Ball, location: 2F 2-2: Ball 3-2: Foul Ball, location: 2F 3-2: Strikes out swinging
|
|
Batting: RHB Matt Hinkle
|
0-0: Ball 1-0: Swinging Strike 1-1: Ball 2-1: DOUBLE (Flyball, 9D, EV 102.5 MPH)
|
|
Batting: LHB Julian Toney
|
0-0: Called Strike 0-1: Ball Matt Hinkle steals 3rd, throwing error, E2 Matt Hinkle scores 1-1: Swinging Strike 1-2: Strikes out looking
|
|
Batting: LHB Noel Young
|
0-0: Ball 1-0: Called Strike 1-1: Called Strike 1-2: Strikes out swinging
|
| Bottom of the 8th over - 1 run, 1 hit, 1 error, 0 left on base; Arkansas 2 - Portland 4 |
| TOP OF THE 9TH |
|
Arkansas Travelers batting - Pitching for Portland Sea Dogs : RHP Aaron Brannon
|
|
Pitching: RHP Mike Osgood
|
|
|
Now at 3B: Frank Sokolosky
|
|
|
Batting: RHB Jon Griffin
|
0-0: Fly out, F8 (Flyball, 8LD, EV 102.5 MPH)
|
|
Batting: RHB Ryan Pelletier
|
0-0: Ball 1-0: Called Strike 1-1: Ball 2-1: Fly out, F7 (Flyball, 78D, EV 101.2 MPH)
|
|
Batting: RHB Khalil Thurston
|
0-0: Foul Ball, location: 2F 0-1: Ball 1-1: Ball 2-1: Swinging Strike 2-2: Foul Ball, location: 2F 2-2: Strikes out looking
|
| Top of the 9th over - 0 runs, 0 hits, 0 errors, 0 left on base; Arkansas 2 - Portland 4 |
|